 Dungeon Crawl Stone Soup version 0.21.0-3-g78d12a8 (webtiles) character file.

890 tidbits the Sneak (level 8, -3/43 HPs)
             Began as a Vine Stalker Air Elementalist on Jan 10, 2018.
             Killed by divine providence
             ... invoked by an orc priest
              (7 damage)
             ... on level 9 of the Dungeon.
             The game lasted 00:20:22 (2361 turns).

tidbits the Sneak (Vine Stalker Air Elementalist)   Turns: 2361, Time: 00:20:23

Health: -3/43      AC:  5    Str: 13      XL:     8   Next: 6%
Magic:  0/12       EV: 12    Int: 13 (15) God:
Gold:   115        SH:  0    Dex: 14 (15) Spells: 5/11 levels left

rFire    . . .     SeeInvis .     - Unarmed
rCold    . . .     Gourm    .   (no shield)
rNeg     + . .     Faith    .   B - +0 robe
rPois    .         Spirit   +   (no helmet)
rElec    .         Reflect  .   (no cloak)
rCorr    .         Harm     .   G - +0 pair of gloves
MR       +....                  F - +0 pair of boots of the Armoured One {rN+}
Stlth    ++++......             (no amulet)
HPRegen  0.54/turn              e - ring of stealth
MPRegen  0.13/turn              (no ring)

@: about to teleport, appendage (expiring), very slightly contaminated
A: fangs 3, horns 2, rugged brown scales 1, regeneration 1, wild magic 1, magic
shield, antimagic bite, no potion heal 3, rot immunity
a: End Transformation


You were on level 9 of the Dungeon.
You were not hungry.
You had grown temporary horns.
You visited 1 branch of the dungeon, and saw 9 of its levels.

You collected 139 gold pieces.
You spent 24 gold pieces at shops.

Inventory:

Hand Weapons
 a - a +0 dagger
 f - a +0 short sword
 n - a +0 rapier
Missiles
 d - 3 poisoned tomahawks (quivered)
 k - 6 arrows
 l - 4 tomahawks
 v - a throwing net {!f}
Armour
 r - a +0 ring mail
 B - a +0 robe (worn)
 F - the +0 pair of boots of the Armoured One (worn) {rN+}
   (You found it on level 4 of the Dungeon)

   It protects you from negative energy.
 G - a +0 pair of gloves (worn)
Jewellery
 e - a ring of stealth (left hand)
   (You found it on level 8 of the Dungeon)
Scrolls
 g - a scroll of amnesia {unknown}
 o - a scroll of enchant armour
 s - a scroll of magic mapping
 u - a scroll of enchant weapon
Potions
 j - a potion of curing
 m - a potion of mutation {!q}
Books
 b - a book of Air

   Spells                             Type                      Level
   a - Shock                          Conjuration/Air              1
   b - Swiftness                      Charms/Air                   2
   c - Static Discharge               Conjuration/Air              3
   d - Airstrike                      Air                          4
   e - Lightning Bolt                 Conjuration/Air              5
 p - a book of Changes
   (You found it on level 4 of the Dungeon)

   Spells                             Type                      Level
   a - Beastly Appendage              Transmutation                1
   b - Sticks to Snakes               Transmutation                2
   c - Spider Form                    Transmutation/Poison         3
   d - Ice Form                       Ice/Transmutation            4
   e - Blade Hands                    Transmutation                5
 q - a book of Frost
   (You found it on level 6 of the Dungeon)

   Spells                             Type                      Level
   a - Freeze                         Ice                          1
   b - Throw Frost                    Conjuration/Ice              2
   c - Ozocubu's Armour               Charms/Ice                   3
   d - Throw Icicle                   Conjuration/Ice              4
   e - Summon Ice Beast               Ice/Summoning                4
Comestibles
 c - 13 rations
 i - 2 chunks of flesh


   Skills:
 - Level 3.8 Fighting
 - Level 2.5 Short Blades
 - Level 1.5 Dodging
 - Level 6.2 Stealth
 + Level 4.0 Unarmed Combat
 - Level 2.3 Spellcasting
 - Level 1.0 Conjurations
 - Level 2.6 Transmutations
 - Level 3.0 Air Magic


You had 5 spell levels left.
You knew the following spells:

 Your Spells              Type           Power        Failure   Level  Hunger
a - Shock                 Conj/Air       #...         16%         1    #......
e - Beastly Appendage     Tmut           ##....       13%         1    #......
k - Sticks to Snakes      Tmut           ##......     17%         2    ###....
W - Swiftness             Chrm/Air       #.......     28%         2    ###....


Dungeon Overview and Level Annotations

Branches:
Dungeon (9/15)                Orc (0/2) D:9
 Temple: D:4-7         Lair: D:8-11

Altars:
Makhleb
Ru
Trog

Shops:
D:4 *

Annotations:
D:2 Robin, Sigmund
D:6 Daviar's ghost, novice TrFi
D:9 exclusions: oklob plant and 2 more exclusions, Prince Ribbit


Innate Abilities, Weirdness & Mutations

You have razor-sharp teeth.
Your natural rate of healing is unusually fast.
When hurt, damage is shared between your health and your magic reserves.
Your bite disrupts and absorbs the magic of your enemies.
Potions cannot restore your health.
You are immune to rotting.
You have a pair of horns on your head.
You are partially covered in rugged brown scales. (AC +1, +3% HP)
Your spells are a little harder to cast, but a little more powerful.


Message History

Your ball python bites the orc wizard but does no damage.
Your ball python misses the orc wizard.
You catch the helpless orc wizard completely off-guard!
You hit the orc wizard but do no damage.
You headbutt the orc wizard, but do no damage.
Your bite misses the orc wizard.
The orc wizard is heavily wounded.
The orc wizard hits you but does no damage.
Your ball python closely misses the orc wizard. x2
The orc priest looks satisfied for a moment.
You barely miss the orc wizard. Your headbutt misses the orc wizard.
Your bite misses the orc wizard.
The orc wizard is heavily wounded.
The orc wizard hits you but does no damage.
Your ball python bites the orc wizard but does no damage.
Your ball python grabs the orc wizard.
Your ball python constricts the orc wizard.
An orc priest comes into view. It is wielding a falchion.
Casting: Sticks to Snakes
Confirm with . or Enter, or press ? or * to list all spells.
You create a snake!
You now have 6 arrows.
Your ball python bites the orc wizard.
Your ball python constricts the orc wizard.
The orc wizard gestures at your ball python while chanting.
The magic dart hits your ball python.
Your ball python dies!
An orc comes into view. It is wielding a flail.
The orc shouts!
You hit the orc priest. You bite the orc priest. You drain its power.
You feel invigorated.
The orc priest is moderately wounded.
The orc priest hits you with a falchion.
The orc wizard gestures wildly while chanting.
The orc wizard seems to speed up.
Unknown command.
You closely miss the orc priest. You bite the orc priest. You drain its power.
You feel invigorated.
The orc priest is severely wounded.
The orc priest misses you.
The orc priest calls down the wrath of Beogh upon you.
Beogh smites you!
Your ball python bites the orc priest but does no damage.
Your ball python grabs the orc priest.
Your ball python constricts the orc priest.
The orc barely misses your ball python.
An orc comes into view. It is wielding a flail.
You hit the orc priest.
The orc priest is almost dead.
The orc wizard hits your ball python with a dagger.
The orc priest hits you with a falchion.
The orc priest closely misses you.
Your ball python bites the orc priest but does no damage.
Your ball python constricts the orc priest.
The orc wizard hits your ball python with a dagger.
Your ball python dies!
You barely miss the orc priest.
The orc wizard shouts!
You headbutt the orc priest, but do no damage.
You bite the orc priest. You drain its power.
You feel invigorated.
You kill the orc priest!
Your Unarmed Combat skill increases to level 4!
The orc hits you with a flail!
* * * LOW HITPOINT WARNING * * *
The orc wizard points at you and mumbles some strange words.
The magic dart hits you!
* * * LOW HITPOINT WARNING * * *
The orc priest closely misses you.
Casting: Sticks to Snakes
Confirm with . or Enter, or press ? or * to list all spells.
You miscast Sticks to Snakes.
Your hands glow momentarily.
Your transformation is almost over.
The orc wizard hits you with a dagger.
* * * LOW HITPOINT WARNING * * *
The orc barely misses you. x2; The orc priest completely misses you.
The orc wizard hits you with a dagger.
* * * LOW HITPOINT WARNING * * *
Casting: Sticks to Snakes
Confirm with . or Enter, or press ? or * to list all spells.
You miscast Sticks to Snakes.
Nothing appears to happen.
The orc closely misses you.
The orc wizard hits you but does no damage.
The orc priest hits you with a club.
* * * LOW HITPOINT WARNING * * *
The orc hits you but does no damage.
Okay, then.
As you read the scroll of teleportation, it crumbles to dust.
You feel strangely unstable. The orc wizard hits you with a dagger.
* * * LOW HITPOINT WARNING * * *
The orc barely misses you.
The orc priest calls upon Beogh to heal the orc wizard.
The orc wizard is healed somewhat.
The orc wizard hits you with a dagger.
* * * LOW HITPOINT WARNING * * *
Unknown command.
The orc wizard mumbles some strange words.
The orc wizard blinks!
The orc hits you with a flail.
* * * LOW HITPOINT WARNING * * *
The orc priest calls down the wrath of Beogh upon you.
Beogh smites you!
You die...

#########################
................@........
........###..####oo####.
#####...# #..####o.#
#...###........#
JPJ##...............
JJPJ##'#####'########
PPPP#..#.....# .....
JJJJ#..#.....##.....
JJJ##.##.##..#.....#


You could see an orc priest and 2 orcs.

Vanquished Creatures
  A sky beast (D:8)
  2 ogres
  A crocodile (D:9)
  A bullfrog (D:6)
  2 scorpions
  A crimson imp (D:8)
  4 hounds
  An orc priest (D:9)
  An iguana (D:6)
  An orc wizard (D:6)
  A worker ant (D:4)
  5 adders
  An ooze (D:6)
  An adder zombie (D:5)
  2 worms
  3 dart slugs
  4 orcs
  2 giant cockroaches
  4 goblins
  4 hobgoblins
  6 jackals (D:1)
  3 kobolds
  2 quokkas
  A ball python (D:2)
  4 bats
  2 frilled lizards
  5 rats
65 creatures vanquished.

Vanquished Creatures (collateral kills)
  A bullfrog skeleton (D:5)
  An orc (D:7)
2 creatures vanquished.

Vanquished Creatures (others)
  8 fungi (D:9)
8 creatures vanquished.

Grand Total: 75 creatures vanquished

Notes
Turn   | Place    | Note
-------+----------+-------------------------------------------
     0 | D:1      | tidbits the Vine Stalker Air Elementalist began the quest for the Orb.
     0 | D:1      | Reached XP level 1. HP: 9/9 MP: 4/4
   128 | D:1      | Reached XP level 2. HP: 12/14 MP: 6/6
   132 | D:1      | Learned a level 2 spell: Swiftness
   183 | D:1      | You fall through a shaft!
   278 | D:1      | Reached skill level 3 in Stealth
   298 | D:1      | Reached skill level 1 in Fighting
   385 | D:2      | Noticed Robin
   415 | D:2      | Reached skill level 1 in Short Blades
   415 | D:2      | Reached XP level 3. HP: 17/18 MP: 3/7
   480 | D:2      | Noticed Sigmund
   712 | D:2      | Gained mutation: Your natural rate of healing is unusually fast. [Vine Stalker growth]
   712 | D:2      | Reached XP level 4. HP: 13/23 MP: 2/8
   831 | D:4      | Found Qyjaqowa's General Store.
   831 | D:4      | Noticed an ogre
   838 | D:4      | Killed an ogre
   838 | D:4      | Reached skill level 2 in Fighting
   838 | D:4      | Reached skill level 2 in Short Blades
   838 | D:4      | Reached skill level 4 in Stealth
   838 | D:4      | Reached XP level 5. HP: 27/27 MP: 9/9
   994 | D:4      | Learned a level 1 spell: Beastly Appendage
   997 | D:4      | Learned a level 2 spell: Sticks to Snakes
  1012 | D:4      | Bought a scroll of identify for 24 gold pieces
  1014 | D:4      | Gained mutation: Your body sometimes deteriorates upon taking damage. [potion of mutation]
  1014 | D:4      | Gained mutation: You tend to lose your temper in combat. [potion of mutation]
  1014 | D:4      | Gained mutation: You are somewhat resistant to further mutation. [potion of mutation]
  1015 | D:4      | Lost mutation: You tend to lose your temper in combat. [potion of mutation]
  1015 | D:4      | Lost mutation: You are somewhat resistant to further mutation. [potion of mutation]
  1015 | D:4      | Lost mutation: Your body sometimes deteriorates upon taking damage. [potion of mutation]
  1015 | D:4      | Gained mutation: Your spells are a little harder to cast, but a little more powerful. [potion of mutation]
  1015 | D:4      | Gained mutation: You are partially covered in rugged brown scales. (AC +1, +3% HP) [potion of mutation]
  1051 | D:4      | Reached skill level 5 in Stealth
  1051 | D:4      | Reached XP level 6. HP: 24/32 MP: 1/10
  1107 | D:4      | Got a pair of ichor-stained boots
  1113 | D:4      | Identified the +0 pair of boots of the Armoured One {rN+} (You found it on level 4 of the Dungeon)
  1125 | D:4      | Found a bloodstained altar of Trog.
  1281 | D:5      | Entered Level 5 of the Dungeon
  1298 | D:5      | Reached skill level 1 in Unarmed Combat
  1313 | D:6      | Noticed Daviar's ghost (novice TrFi)
  1406 | D:5      | Reached skill level 3 in Fighting
  1406 | D:5      | Reached skill level 1 in Transmutations
  1502 | D:6      | Reached XP level 7. HP: 30/37 MP: 8/11
  1649 | D:6      | Reached skill level 2 in Unarmed Combat
  1747 | D:7      | Found a burning altar of Makhleb.
  1747 | D:7      | Noticed an Executioner
  1862 | D:8      | Reached skill level 2 in Transmutations
  1971 | D:8      | Reached skill level 6 in Stealth
  2051 | D:9      | Noticed a yak
  2051 | D:9      | Noticed a yak
  2051 | D:9      | Noticed a yak
  2051 | D:9      | Noticed a yak
  2054 | D:9      | Noticed a yak
  2143 | D:9      | Reached skill level 3 in Unarmed Combat
  2149 | D:9      | Gained mutation: You have razor-sharp teeth. [Vine Stalker growth]
  2149 | D:9      | Reached XP level 8. HP: 43/43 MP: 7/12
  2179 | D:9      | Noticed Prince Ribbit
  2238 | D:9      | Noticed a troll
  2291 | D:9      | Found a staircase to the Orcish Mines.
  2300 | D:9      | Noticed an oklob plant
  2315 | D:9      | Found a sacrificial altar of Ru.
  2356 | D:9      | Reached skill level 4 in Unarmed Combat
  2360 | D:9      | HP: 3/43 [orc/flail (5)]
  2361 | D:9      | Killed from afar by an orc priest

Skill      XL: |  1  2  3  4  5  6  7  8 |
---------------+-------------------------+-----
Stealth        | 3 4 5 6 |  6.2
Fighting       | 1 2 3 |  3.8
Short Blades   | 1 2 |  2.5
Unarmed Combat | 1 3 4 |  4.0
Transmutations | 1 2 |  2.6
Dodging        | |  1.5
Spellcasting   | |  2.3
Conjurations   | |  1.0
Air Magic      | |  3.0

Action                   |  1- 3 |  4- 6 |  7- 9 || total
-------------------------+-------+-------+-------++-------
Melee: Dagger            |    50 |    35 |    29 ||   114
       Unarmed           |     3 |     7 |    27 ||    37
       Bite              |     8 |     9 |     9 ||    26
       Headbutt          |       |     1 |     8 ||     9
 Cast: Shock             |    32 |    17 |    12 ||    61
       Sticks to Snakes  |       |     1 |     9 ||    10
       Beastly Appendage |       |     1 |     4 ||     5
  Use: Scroll            |     1 |     7 |     3 ||    11
       Potion            |       |     4 |     2 ||     6
 Stab: Sleeping          |     4 |     8 |     5 ||    17
       Distracted        |       |       |     1 ||     1
  Eat: Chunk             |       |     2 |     5 ||     7
Armor: Robe              |    14 |    11 |    13 ||    38
       Skin              |       |       |    16 ||    16
Dodge: Dodged            |    44 |    39 |    34 ||   117

Table legend:
 A = Turns spent in this place as a percentage of turns spent in the entire game.
 B = Non-inter-level travel turns spent in this place as a percentage of non-inter-level travel turns spent in the entire game.
 C = Inter-level travel turns spent in this place as a percentage of turns spent in this place.
 D = Turns resting spent in this place as a percentage of non-inter-level travel turns spent in this place.
 E = Turns spent auto-exploring this place as a percentage of non-inter-level travel turns spent in this place.
 F = Non-inter-level travel turns spent in this place divided by the number of levels of this place that you've seen.
                   A       B       C       D       E      F
               +-------+-------+-------+-------+-------+----------------------
         Total | 100.0 | 100.0 |   5.3 |   0.0 |   0.0 | 248.3
       Dungeon | 100.0 | 100.0 |   5.3 |   0.0 |   0.0 | 248.3
               +-------+-------+-------+-------+-------+----------------------

Table legend:
 A = Kills in this place as a percentage of kills in entire the game.
 B = Kills by you in this place as a percentage of kills by you in the entire game.
 C = Kills by friends in this place as a percentage of kills by friends in the entire game.
 D = Other kills in this place as a percentage of other kills in the entire game.
 E = Experience gained in this place as a percentage of experience gained in the entire game.
 F = Experience gained in this place divided by the number of levels of this place that you have seen.
                   A       B       C       D       E      F
               +-------+-------+-------+-------+-------+----------------------
         Total | 100.0 | 100.0 | 100.0 |   N/A | 100.0 | 141.3
       Dungeon | 100.0 | 100.0 | 100.0 |   N/A | 100.0 | 141.3
               +-------+-------+-------+-------+-------+----------------------

Vault maps used:
D:1:      dpeg_arrival_central, roderic_roman_lattice
D:2:      uniq_sigmund, uniq_robin
D:3:      first_ration
D:4:      serial_shops, nicolae_shop_waterfront, trog_three_pillars_becter
D:5:      uniq_duvessa
D:6:      temple_hall, uniq_grinder
D:7:      makhleb_altar_promises_db
D:8:      grunt_lair_entry_orc_guard_hut, grunt_ogre_cave,
          nicolae_ru_sacrificial_ziggurat
D:9:      lemuel_slime, kennysheep_mini_moat, orc_0_dummy, basic_altar,
          nicolae_water_bricks, minmay_splitting_lines, uniq_prince_ribbit1,
          uniq_maurice
